TOP OF THE 1ST |
Tuscaloosa Trout Slayers batting - Pitching for Trenton Stars : RHP José Crus
|
Pitching: RHP José Crus
|
|
Batting: RHB Shigemasa Ishida
|
0-0: Called Strike 0-1: Foul Ball, location: 2F 0-2: Foul Ball, location: 2F 0-2: Ground out 4-3 (Groundball, 4)
|
Batting: LHB Marcos Villarreal
|
0-0: Ball 1-0: Ball 2-0: Foul Ball, location: 2F 2-1: Called Strike 2-2: Foul Ball, location: 2F 2-2: Strikes out swinging
|
Batting: RHB Lowie van den Bogaert
|
0-0: Ball 1-0: SINGLE (Flyball, 9LM)
|
Batting: RHB Ben Morton
|
0-0: Swinging Strike 0-1: Ball 1-1: Ground out 5-3 (Groundball, 56)
|
Top of the 1st over - 0 run(s), 1 hit(s), 0 error(s), 1 left on base; Tuscaloosa 0 - Trenton 0 |
BOTTOM OF THE 1ST |
Trenton Stars batting - Pitching for Tuscaloosa Trout Slayers : RHP Rafael Ramírez
|
Pitching: RHP Rafael Ramírez
|
|
Batting: LHB Gerardo Guzmán
|
0-0: Called Strike 0-1: Ball 1-1: Foul Ball, location: 2F 1-2: Ball 2-2: SINGLE (Groundball, 4MD)
|
Batting: RHB Ken McDonald
|
0-0: Ball 1-0: Called Strike 1-1: Ball 2-1: Called Strike 2-2: Fly out, F7 (Flyball, 7)
|
Batting: LHB Jeff Gordon
|
0-0: Foul Ball, location: 2F 0-1: Called Strike Gerardo Guzmán steals 2nd base 0-2: Ball 1-2: Fly out, F7 (Flyball, 7)
|
Batting: RHB Clancy Booker
|
0-0: Ball 1-0: Ball 2-0: SINGLE (Groundball, 4D) Gerardo Guzmán to third Runner from 3rd tries for Home, SAFE, no throw
|
Batting: LHB Marvin Morris
|
0-0: Ball 1-0: Ball 2-0: Ball 3-0: Base on Balls Clancy Booker to second
|
Batting: RHB Ángel Garza
|
0-0: Fly out, F4 (Line Drive, 4D)
|
Bottom of the 1st over - 1 run(s), 2 hit(s), 0 error(s), 2 left on base; Tuscaloosa 0 - Trenton 1 |
TOP OF THE 2ND |
Tuscaloosa Trout Slayers batting - Pitching for Trenton Stars : RHP José Crus
|
Batting: LHB António Cedeño
|
0-0: Swinging Strike 0-1: Ball 1-1: Ball 2-1: Foul Ball, location: 2F 2-2: Ball 3-2: Fly out, F5 (Popup, 5S)
|
Batting: RHB Lawrence Yates
|
0-0: Foul Ball, location: 2F 0-1: Ball 1-1: Foul Ball, location: 2F 1-2: Ball 2-2: Ball 3-2: Ground out 4-3 (Groundball, 4M)
|
Batting: LHB Mark Owens
|
0-0: Ball 1-0: Ball 2-0: Ball 3-0: Base on Balls
|
Batting: LHB Ed Hart
|
0-0: Called Strike 0-1: Ball 1-1: Ground out 1-3 (Groundball, 13)
|
Top of the 2nd over - 0 run(s), 0 hit(s), 0 error(s), 1 left on base; Tuscaloosa 0 - Trenton 1 |
BOTTOM OF THE 2ND |
Trenton Stars batting - Pitching for Tuscaloosa Trout Slayers : RHP Rafael Ramírez
|
Batting: RHB Chris Cole
|
0-0: Called Strike 0-1: Swinging Strike 0-2: Ball 1-2: Ball 2-2: Strikes out swinging
|
Batting: RHB Roberto Chávez
|
0-0: Fly out, F9 (Flyball, 9LS)
|
Batting: RHB Pablo Gómez
|
0-0: Called Strike 0-1: Fly out, F9 (Flyball, 9D)
|
Bottom of the 2nd over - 0 run(s), 0 hit(s), 0 error(s), 0 left on base; Tuscaloosa 0 - Trenton 1 |
TOP OF THE 3RD |
Tuscaloosa Trout Slayers batting - Pitching for Trenton Stars : RHP José Crus
|
Batting: RHB José Ortega
|
0-0: SINGLE (Groundball, 6MD)
|
Batting: RHB Shigemasa Ishida
|
0-0: Ball 1-0: Foul Ball, location: 2F 1-1: Grounds into double play, 5-4-3 (Groundball, 56)
|
Batting: LHB Marcos Villarreal
|
0-0: DOUBLE (Flyball, 89D)
|
Batting: RHB Lowie van den Bogaert
|
0-0: Foul Ball, location: 2F 0-1: Swinging Strike 0-2: Ball 1-2: Ball 2-2: Strikes out swinging
|
Top of the 3rd over - 0 run(s), 2 hit(s), 0 error(s), 1 left on base; Tuscaloosa 0 - Trenton 1 |
BOTTOM OF THE 3RD |
Trenton Stars batting - Pitching for Tuscaloosa Trout Slayers : RHP Rafael Ramírez
|
Batting: LHB Gerardo Guzmán
|
0-0: Ball 1-0: Foul Ball, location: 2F 1-1: Ball 2-1: Swinging Strike 2-2: Ball 3-2: Base on Balls
|
Batting: RHB Ken McDonald
|
0-0: Foul Ball, location: 2F 0-1: Hit by Pitch Gerardo Guzmán to second
|
Batting: LHB Jeff Gordon
|
0-0: Ball Wild Pitch! Gerardo Guzmán to third Ken McDonald to second 1-0: Fly out, F8 (Flyball, 89M) Runner from 3rd tags up, SCORES, no throw
|
Batting: RHB Clancy Booker
|
0-0: Ball 1-0: SINGLE (Groundball, 6MD) Ken McDonald to third Runner from 3rd tries for Home, SAFE, throw made home Clancy Booker to second
|
Batting: LHB Marvin Morris
|
0-0: Ball 1-0: Ball 2-0: Foul Ball, location: 2F 2-1: Foul Ball, location: 2F 2-2: Ground out U3 (Groundball, 34) Clancy Booker to third
|
Batting: RHB Ángel Garza
|
0-0: Foul Ball, location: 2F 0-1: Ball 1-1: Ball 2-1: SINGLE (Groundball, 34D) Clancy Booker scores
|
Batting: RHB Chris Cole
|
0-0: Ball 1-0: Called Strike 1-1: Ball 2-1: SINGLE (Groundball, 4MD) Ángel Garza to second Ángel Garza to third
|
Batting: RHB Roberto Chávez
|
0-0: Swinging Strike 0-1: Foul Ball, location: 2F 0-2: Strikes out swinging
|
Bottom of the 3rd over - 3 run(s), 3 hit(s), 0 error(s), 2 left on base; Tuscaloosa 0 - Trenton 4 |
TOP OF THE 4TH |
Tuscaloosa Trout Slayers batting - Pitching for Trenton Stars : RHP José Crus
|
Batting: RHB Ben Morton
|
0-0: SINGLE (Groundball, 6D)
|
Batting: LHB António Cedeño
|
0-0: Ball 1-0: Foul Ball, location: 2F 1-1: Called Strike 1-2: Ball 2-2: Foul Ball, location: 2F 2-2: Strikes out swinging
|
Batting: RHB Lawrence Yates
|
0-0: Called Strike 0-1: Foul Ball, location: 2F 0-2: Strikes out swinging
|
Batting: LHB Mark Owens
|
0-0: Ball 1-0: Fly out, F4 (Popup, 3D)
|
Top of the 4th over - 0 run(s), 1 hit(s), 0 error(s), 1 left on base; Tuscaloosa 0 - Trenton 4 |
BOTTOM OF THE 4TH |
Trenton Stars batting - Pitching for Tuscaloosa Trout Slayers : RHP Rafael Ramírez
|
Batting: RHB Pablo Gómez
|
0-0: Fly out, F9 (Flyball, 9S)
|
Batting: LHB Gerardo Guzmán
|
0-0: Called Strike 0-1: Fly out, F7 (Flyball, 7LS)
|
Batting: RHB Ken McDonald
|
0-0: Ground out 6-3 (Groundball, 6)
|
Bottom of the 4th over - 0 run(s), 0 hit(s), 0 error(s), 0 left on base; Tuscaloosa 0 - Trenton 4 |
TOP OF THE 5TH |
Tuscaloosa Trout Slayers batting - Pitching for Trenton Stars : RHP José Crus
|
Batting: LHB Ed Hart
|
0-0: Ball 1-0: Ball 2-0: Ball 3-0: Base on Balls
|
Batting: RHB José Ortega
|
0-0: Called Strike 0-1: Ball 1-1: Swinging Strike Ed Hart is caught stealing 2nd base 1-2: Ground out 6-3 (Groundball, 6MS)
|
Batting: RHB Shigemasa Ishida
|
0-0: Ball 1-0: SINGLE (Line Drive, 56D)
|
Batting: LHB Marcos Villarreal
|
0-0: Called Strike 0-1: SINGLE (Groundball, 56D) Shigemasa Ishida to second
|
Batting: RHB Lowie van den Bogaert
|
0-0: Ball 1-0: Ball 2-0: Ball 3-0: Base on Balls Shigemasa Ishida to third Marcos Villarreal to second
|
Batting: RHB Ben Morton
|
0-0: Ball 1-0: Foul Ball, location: 2F 1-1: Ball 2-1: Ground out 1-3 (Groundball, 13S)
|
Top of the 5th over - 0 run(s), 2 hit(s), 0 error(s), 3 left on base; Tuscaloosa 0 - Trenton 4 |
BOTTOM OF THE 5TH |
Trenton Stars batting - Pitching for Tuscaloosa Trout Slayers : RHP Rafael Ramírez
|
Batting: LHB Jeff Gordon
|
0-0: Fly out, F7 (Line Drive, 78M)
|
Batting: RHB Clancy Booker
|
0-0: Ball 1-0: Called Strike 1-1: Ball 2-1: Foul Ball, location: 2F 2-2: Ground out 5-3 (Groundball, 56S)
|
Batting: LHB Marvin Morris
|
0-0: SOLO HOME RUN (Flyball, 89XD), Distance : 410 ft
|
Pitching: RHP Jules Côté
|
|
Batting: RHB Ángel Garza
|
0-0: Ground out 6-3 (Groundball, 6)
|
Bottom of the 5th over - 1 run(s), 1 hit(s), 0 error(s), 0 left on base; Tuscaloosa 0 - Trenton 5 |
TOP OF THE 6TH |
Tuscaloosa Trout Slayers batting - Pitching for Trenton Stars : RHP José Crus
|
Batting: LHB António Cedeño
|
0-0: Ball 1-0: Called Strike 1-1: Foul Ball, location: 2F 1-2: SINGLE (Groundball, 34D)
|
Batting: RHB Lawrence Yates
|
0-0: Called Strike 0-1: Fly out, F9 (Flyball, 9S)
|
Batting: LHB Mark Owens
|
0-0: Ball 1-0: Foul Ball, location: 2F 1-1: Ball 2-1: Foul Ball, location: 2F 2-2: Foul Ball, location: 2F 2-2: DOUBLE (Line Drive, 89D) António Cedeño to third
|
Batting: LHB Ed Hart
|
0-0: SINGLE (Line Drive, 34D) António Cedeño scores Mark Owens to third Runner from 3rd tries for Home, SAFE, throw made home
|
Batting: RHB José Ortega
|
0-0: SINGLE (Line Drive, 7S) Ed Hart to second Ed Hart to third
|
Batting: RHB Shigemasa Ishida
|
0-0: Ground out 5-3 (Groundball, 56S) Ed Hart scores José Ortega to second
|
Batting: LHB Marcos Villarreal
|
0-0: Swinging Strike 0-1: Ball 1-1: Called Strike 1-2: Ball 2-2: Ball 3-2: Base on Balls
|
Batting: RHB Lowie van den Bogaert
|
0-0: Ball 1-0: Ball 2-0: Ball 3-0: Called Strike 3-1: Foul Ball, location: 2F 3-2: Base on Balls José Ortega to third Marcos Villarreal to second
|
Pitching: RHP Chris Johns
|
|
Batting: RHB Ben Morton
|
0-0: Called Strike 0-1: Ball 1-1: Fly out, F9 (Flyball, 89S)
|
Top of the 6th over - 3 run(s), 4 hit(s), 0 error(s), 3 left on base; Tuscaloosa 3 - Trenton 5 |
BOTTOM OF THE 6TH |
Trenton Stars batting - Pitching for Tuscaloosa Trout Slayers : RHP Jules Côté
|
Batting: RHB Chris Cole
|
0-0: Swinging Strike 0-1: Fly out, F8 (Flyball, 8LS)
|
Batting: RHB Roberto Chávez
|
0-0: Ball 1-0: Called Strike 1-1: Ball 2-1: Swinging Strike Error on foul ball, E2 2-2: Reached on error, E6 (Groundball, 6)
|
Batting: RHB Pablo Gómez
|
0-0: Ball Roberto Chávez is caught stealing 3rd base 1-0: Called Strike 1-1: Called Strike 1-2: Fly out, F8 (Flyball, 8RS)
|
Bottom of the 6th over - 0 run(s), 0 hit(s), 2 error(s), 0 left on base; Tuscaloosa 3 - Trenton 5 |
TOP OF THE 7TH |
Tuscaloosa Trout Slayers batting - Pitching for Trenton Stars : RHP Chris Johns
|
Batting: LHB António Cedeño
|
0-0: SINGLE (Groundball, 34D)
|
Batting: RHB Lawrence Yates
|
0-0: Sac Bunt - play at second, runner OUT! 1-6
|
Batting: LHB Mark Owens
|
0-0: Called Strike 0-1: SINGLE (Line Drive, 89S) Lawrence Yates to second
|
Pinch Hitting: LHB Albert Morgan
|
0-0: Ball 1-0: Ball 2-0: Ball 3-0: Called Strike 3-1: Base on Balls Lawrence Yates to third Mark Owens to second
|
Pinch Hitting: RHB José Fernández
|
0-0: Foul Ball, location: 2F 0-1: Foul Ball, location: 2F 0-2: Ball 1-2: Fly out, F9 (Flyball, 89M) Runner from 3rd tags up, SCORES, throw made
|
Pinch Hitting: LHB Miguel Rosa
|
0-0: Called Strike 0-1: Called Strike 0-2: Ball 1-2: Foul Ball, location: 2F 1-2: Ball 2-2: Ball 3-2: 3-RUN HOME RUN (Flyball, 9D), Distance : 363 ft
|
Pitching: LHP Pedro Orozco
|
|
Batting: LHB Marcos Villarreal
|
0-0: Swinging Strike 0-1: Fly out, F2 (Popup, 25)
|
Top of the 7th over - 4 run(s), 3 hit(s), 0 error(s), 0 left on base; Tuscaloosa 7 - Trenton 5 |
BOTTOM OF THE 7TH |
Trenton Stars batting - Pitching for Tuscaloosa Trout Slayers : RHP Jules Côté
|
Now at 3B: Wilford Lush
|
|
Now at SS: Tetsunori Ito
|
|
Now in LF: Miguel Rosa
|
|
Batting: LHB Gerardo Guzmán
|
0-0: Foul Ball, location: 2F 0-1: Swinging Strike 0-2: Ball 1-2: SOLO HOME RUN (Flyball, 9D), Distance : 349 ft
|
Batting: RHB Ken McDonald
|
0-0: Called Strike 0-1: Ball 1-1: Swinging Strike 1-2: Strikes out swinging
|
Pitching: LHP Luis López
|
|
Batting: LHB Jeff Gordon
|
0-0: Called Strike 0-1: Fly out, F2 (Popup, 2L)
|
Batting: RHB Clancy Booker
|
0-0: Ball 1-0: Called Strike 1-1: Ground out 5-3 (Groundball, 5S)
|
Bottom of the 7th over - 1 run(s), 1 hit(s), 0 error(s), 0 left on base; Tuscaloosa 7 - Trenton 6 |
TOP OF THE 8TH |
Tuscaloosa Trout Slayers batting - Pitching for Trenton Stars : LHP Pedro Orozco
|
Batting: RHB Lowie van den Bogaert
|
0-0: Foul Ball, location: 2F 0-1: Foul Ball, location: 2F 0-2: Fly out, F8 (Flyball, 8LM)
|
Batting: RHB Ben Morton
|
0-0: Called Strike 0-1: Ball 1-1: Ball 2-1: Foul Ball, location: 2F 2-2: Strikes out looking
|
Batting: LHB António Cedeño
|
0-0: Ball 1-0: Foul Ball, location: 2F 1-1: Ball 2-1: Foul Ball, location: 2F 2-2: Ground out 4-3 (Groundball, 4)
|
Top of the 8th over - 0 run(s), 0 hit(s), 0 error(s), 0 left on base; Tuscaloosa 7 - Trenton 6 |
BOTTOM OF THE 8TH |
Trenton Stars batting - Pitching for Tuscaloosa Trout Slayers : LHP Luis López
|
Pitching: RHP Matt McGinnity
|
|
Batting: LHB Marvin Morris
|
0-0: Called Strike 0-1: Ball 1-1: Ball 2-1: Foul Ball, location: 2F 2-2: Ball 3-2: Base on Balls
|
Batting: RHB Ángel Garza
|
0-0: Bunted foul 0-1: Ball 1-1: Sac Bunt - play at first, batter safe! Marvin Morris to second
|
Batting: RHB Chris Cole
|
0-0: Ball 1-0: Ball 2-0: Sac Bunt - play at first, batter OUT! 1-4 Marvin Morris to third Ángel Garza to second
|
Pinch Hitting: LHB Lee Burton
|
0-0: Fly out, F8 (Flyball, 8LD) Runner from 3rd tags up, SCORES, no throw Ángel Garza to third
|
Batting: RHB Pablo Gómez
|
0-0: Ball 1-0: Ball 2-0: Ball 3-0: Called Strike 3-1: Base on Balls
|
Batting: LHB Gerardo Guzmán
|
0-0: Swinging Strike 0-1: Swinging Strike 0-2: Ball 1-2: Ball 2-2: Ball 3-2: Foul Ball, location: 2F 3-2: Foul Ball, location: 2F 3-2: Foul Ball, location: 2F 3-2: Base on Balls Pablo Gómez to second
|
Batting: RHB Ken McDonald
|
0-0: Ball 1-0: Ball 2-0: Fly out, F8 (Flyball, 8RM)
|
Bottom of the 8th over - 1 run(s), 1 hit(s), 0 error(s), 3 left on base; Tuscaloosa 7 - Trenton 7 |
TOP OF THE 9TH |
Tuscaloosa Trout Slayers batting - Pitching for Trenton Stars : LHP Pedro Orozco
|
Pitching: LHP Joseph Byrne
|
|
Now at 2B: José Barajas
|
|
Batting: RHB Lawrence Yates
|
0-0: Ball 1-0: Ball 2-0: Ball 3-0: Called Strike 3-1: Base on Balls
|
Batting: LHB Mark Owens
|
|
Pinch Hitting: RHB César Reyes
|
0-0: Called Strike 0-1: Sac Bunt - play at first, batter OUT! U3 Lawrence Yates to second
|
Pinch Hitting: RHB Satoru Daikawa
|
0-0: Intentional Walk
|
Pinch Hitting: RHB Jason Saunders
|
0-0: Ball 1-0: Swinging Strike 1-1: Ball 2-1: Swinging Strike 2-2: Foul Ball, location: 2F 2-2: Fly out, F6 (Popup, 56)
|
Pinch Hitting: SHB Tucker Thomas
|
0-0: Called Strike 0-1: Ball 1-1: Foul Ball, location: 2F 1-2: Foul Ball, location: 2F 1-2: Fly out, F7 (Line Drive, 7D)
|
Top of the 9th over - 0 run(s), 0 hit(s), 0 error(s), 2 left on base; Tuscaloosa 7 - Trenton 7 |
BOTTOM OF THE 9TH |
Trenton Stars batting - Pitching for Tuscaloosa Trout Slayers : RHP Matt McGinnity
|
Pitching: RHP John Charles
|
|
Now at 2B: Jason Saunders
|
|
Now at 3B: Tucker Thomas
|
|
Now at SS: Satoru Daikawa
|
|
Batting: LHB Jeff Gordon
|
0-0: Ball 1-0: Swinging Strike 1-1: Swinging Strike 1-2: Foul Ball, location: 2F 1-2: Foul Ball, location: 2F 1-2: Ball 2-2: Ball 3-2: Strikes out swinging
|
Batting: RHB Clancy Booker
|
0-0: Ball 1-0: Called Strike 1-1: Ground out 6-3 (Groundball, 6)
|
Batting: LHB Marvin Morris
|
0-0: Called Strike 0-1: Ball 1-1: Ball 2-1: Ball 3-1: Base on Balls
|
Pinch Hitting: RHB Rafael Canales
|
0-0: Foul Ball, location: 2F 0-1: Foul Ball, location: 2F 0-2: Foul Ball, location: 2F 0-2: Ball 1-2: Ball 2-2: Strikes out swinging
|
Bottom of the 9th over - 0 run(s), 0 hit(s), 0 error(s), 1 left on base; Tuscaloosa 7 - Trenton 7 |
TOP OF THE 10TH |
Tuscaloosa Trout Slayers batting - Pitching for Trenton Stars : LHP Joseph Byrne
|
Now at 3B: Kenji Murayama
|
|
Batting: LHB Marcos Villarreal
|
0-0: Ball 1-0: Swinging Strike 1-1: Ball 2-1: Foul Ball, location: 2F 2-2: Strikes out swinging
|
Batting: RHB Lowie van den Bogaert
|
0-0: SINGLE (Groundball, 6MD)
|
Batting: RHB Ben Morton
|
0-0: Fly out, F9 (Line Drive, 89S)
|
Batting: LHB António Cedeño
|
0-0: Ball 1-0: Called Strike 1-1: Called Strike 1-2: Ball 2-2: Hit by Pitch Lowie van den Bogaert to second
|
Batting: RHB Lawrence Yates
|
0-0: Ball 1-0: Ball 2-0: Foul Ball, location: 2F 2-1: Ball 3-1: Foul Ball, location: 2F 3-2: SINGLE (Line Drive, 4MD) Lowie van den Bogaert to third António Cedeño to second Lowie van den Bogaert scores António Cedeño to third
|
Batting: RHB César Reyes
|
0-0: Swinging Strike 0-1: Called Strike 0-2: Ball 1-2: SINGLE (Flyball, 8RS) António Cedeño scores Lawrence Yates to second Runner from 2nd tries for 3rd, SAFE, no throw
|
Pitching: RHP Jonathan Booker
|
|
Batting: RHB Satoru Daikawa
|
0-0: Fly out, F6 (Popup, 6D)
|
Top of the 10th over - 2 run(s), 3 hit(s), 0 error(s), 2 left on base; Tuscaloosa 9 - Trenton 7 |
BOTTOM OF THE 10TH |
Trenton Stars batting - Pitching for Tuscaloosa Trout Slayers : RHP John Charles
|
Batting: RHB Chris Cole
|
0-0: Called Strike 0-1: Called Strike 0-2: Strikes out swinging
|
Batting: RHB José Barajas
|
0-0: Ball 1-0: Called Strike 1-1: Foul Ball, location: 2F 1-2: Ball 2-2: Foul Ball, location: 2F 2-2: Foul Ball, location: 2F 2-2: Foul Ball, location: 2F 2-2: DOUBLE (Line Drive, 7LM)
|
Pinch Hitting: RHB Rob Bass
|
0-0: Ball 1-0: Ball 2-0: Foul Ball, location: 2F 2-1: Ball 3-1: SINGLE (Groundball, 56D) José Barajas to third Runner from 3rd tries for Home, SAFE, no throw
|
Batting: LHB Gerardo Guzmán
|
0-0: Called Strike 0-1: Called Strike 0-2: Ball 1-2: Strikes out swinging
|
Batting: RHB Ken McDonald
|
0-0: Called Strike 0-1: Called Strike 0-2: Ball 1-2: Ball 2-2: Fly out, F7 (Flyball, 78S)
|
Bottom of the 10th over - 1 run(s), 2 hit(s), 0 error(s), 1 left on base; Tuscaloosa 9 - Trenton 8 |
|